TOP OF THE 1ST |
Milton Bills batting - Pitching for Viola Spearheads : RHP Jim Unknown
|
Pitching: RHP Jim Unknown
|
|
Batting: RHB Kyle Dempsey
|
0-0: DOUBLE (Line Drive, 7LS)
|
Batting: RHB Jim Unknown
|
0-0: Called Strike Kyle Dempsey steals 3rd base 0-1: Ground out 5-3 (Groundball, 5)
|
Batting: RHB Pedro Sánchez
|
0-0: Ball 1-0: Foul Ball, location: 2F 1-1: Ball 2-1: Ball 3-1: Base on Balls
|
Batting: RHB Chandler Bailey
|
0-0: Foul Ball, location: 2F 0-1: Foul Ball, location: 2F 0-2: Ball 1-2: Fly out, F9 (Flyball, 89D) Runner from 3rd tags up, SCORES, no throw
|
Batting: RHB Luis Gómez
|
0-0: Swinging Strike 0-1: Ball 1-1: Ball 2-1: Swinging Strike 2-2: Strikes out looking
|
Top of the 1st over - 1 run(s), 1 hit(s), 0 error(s), 1 left on base; Milton 1 - Viola 0 |
BOTTOM OF THE 1ST |
Viola Spearheads batting - Pitching for Milton Bills : RHP Jim Unknown
|
Pitching: RHP Jim Unknown
|
|
Batting: LHB Jim Unknown
|
0-0: Ball 1-0: DOUBLE (Line Drive, 89M)
|
Batting: LHB Jim Unknown
|
0-0: Foul Ball, location: 2F 0-1: Swinging Strike 0-2: Ground out 1-3 (Groundball, 13) Jim Unknown to third
|
Batting: RHB Bobby Schultz
|
0-0: Called Strike 0-1: Ball 1-1: Ball 2-1: Ball 3-1: Base on Balls
|
Batting: RHB Jim Unknown
|
0-0: Grounds into double play, 5-4-3 (Groundball, 56)
|
Bottom of the 1st over - 0 run(s), 1 hit(s), 0 error(s), 1 left on base; Milton 1 - Viola 0 |
TOP OF THE 2ND |
Milton Bills batting - Pitching for Viola Spearheads : RHP Jim Unknown
|
Batting: LHB David Hunt
|
0-0: Ball 1-0: Called Strike 1-1: Swinging Strike 1-2: Ball 2-2: Ball 3-2: Strikes out swinging
|
Batting: RHB Bartolo Liñares
|
0-0: Ball 1-0: Foul Ball, location: 2F 1-1: Swinging Strike 1-2: Ball 2-2: SINGLE (Groundball, 5L)
|
Batting: LHB Vincente Bruno
|
0-0: Ball 1-0: Called Strike 1-1: Foul Ball, location: 2F 1-2: Strikes out looking
|
Batting: SHB Al Anderson
|
0-0: Ball 1-0: Ground out 6-3 (Groundball, 6)
|
Top of the 2nd over - 0 run(s), 1 hit(s), 0 error(s), 1 left on base; Milton 1 - Viola 0 |
BOTTOM OF THE 2ND |
Viola Spearheads batting - Pitching for Milton Bills : RHP Jim Unknown
|
Batting: RHB Pepe Gómez
|
0-0: Ball 1-0: Swinging Strike 1-1: Ball 2-1: Ball 3-1: Base on Balls
|
Batting: RHB Doug Rowland
|
0-0: Called Strike 0-1: Fly out, F7 (Flyball, 7LMF)
|
Batting: RHB Jim Unknown
|
0-0: Ball 1-0: Fly out, F3 (Popup, 3SF)
|
Batting: LHB Jim Unknown
|
0-0: Called Strike 0-1: Called Strike 0-2: Foul Ball, location: 2F 0-2: Ball 1-2: SINGLE (Flyball, 8LS) Pepe Gómez to second
|
Batting: RHB Jim Unknown
|
0-0: Called Strike 0-1: Foul Ball, location: 2F 0-2: Strikes out swinging
|
Bottom of the 2nd over - 0 run(s), 1 hit(s), 0 error(s), 2 left on base; Milton 1 - Viola 0 |
TOP OF THE 3RD |
Milton Bills batting - Pitching for Viola Spearheads : RHP Jim Unknown
|
Batting: RHB Kyle Dempsey
|
0-0: Ball 1-0: SINGLE (Groundball, 6MD)
|
Batting: RHB Jim Unknown
|
0-0: Swinging Strike 0-1: Ball 1-1: Called Strike 1-2: Ball 2-2: Strikes out swinging
|
Batting: RHB Pedro Sánchez
|
0-0: Ball 1-0: Ball 2-0: Called Strike 2-1: Ball 3-1: Fly out, F5 (Line Drive, 56)
|
Batting: RHB Chandler Bailey
|
0-0: Called Strike 0-1: Ball 1-1: Ball 2-1: Ground out 1-3 (Groundball, 13S)
|
Top of the 3rd over - 0 run(s), 1 hit(s), 0 error(s), 1 left on base; Milton 1 - Viola 0 |
BOTTOM OF THE 3RD |
Viola Spearheads batting - Pitching for Milton Bills : RHP Jim Unknown
|
Batting: LHB Jim Unknown
|
0-0: Ball 1-0: Ball 2-0: Ground out 4-3 (Groundball, 4)
|
Batting: LHB Jim Unknown
|
0-0: Swinging Strike 0-1: Foul Ball, location: 2F 0-2: Strikes out swinging
|
Batting: RHB Bobby Schultz
|
0-0: Swinging Strike 0-1: Ball 1-1: Called Strike 1-2: Strikes out swinging
|
Bottom of the 3rd over - 0 run(s), 0 hit(s), 0 error(s), 0 left on base; Milton 1 - Viola 0 |
TOP OF THE 4TH |
Milton Bills batting - Pitching for Viola Spearheads : RHP Jim Unknown
|
Batting: RHB Luis Gómez
|
0-0: Swinging Strike 0-1: SINGLE (Groundball, 4M)
|
Batting: LHB David Hunt
|
0-0: Called Strike 0-1: Ball 1-1: Swinging Strike 1-2: Fly out, F5 (Popup, 5SF)
|
Batting: RHB Bartolo Liñares
|
0-0: Ball 1-0: Swinging Strike 1-1: Swinging Strike 1-2: Fly out, F7 (Flyball, 7LMF)
|
Batting: LHB Vincente Bruno
|
0-0: Swinging Strike 0-1: Swinging Strike 0-2: Ground out 4-3 (Groundball, 34)
|
Top of the 4th over - 0 run(s), 1 hit(s), 0 error(s), 1 left on base; Milton 1 - Viola 0 |
BOTTOM OF THE 4TH |
Viola Spearheads batting - Pitching for Milton Bills : RHP Jim Unknown
|
Batting: RHB Jim Unknown
|
0-0: Ball 1-0: Called Strike 1-1: Foul Ball, location: 2F 1-2: Ball 2-2: SINGLE (Groundball, 56)
|
Batting: RHB Pepe Gómez
|
0-0: Called Strike 0-1: Ball 1-1: Called Strike 1-2: 2-RUN HOME RUN (Flyball, 9LD), Distance : 352 ft
|
Batting: RHB Doug Rowland
|
0-0: Ball 1-0: Called Strike 1-1: Called Strike 1-2: Ball 2-2: Fly out, F9 (Flyball, 9M)
|
Batting: RHB Jim Unknown
|
0-0: Ball 1-0: Swinging Strike 1-1: SINGLE (Groundball, 56)
|
Batting: LHB Jim Unknown
|
0-0: Called Strike 0-1: Ball 1-1: Ball 2-1: Fly out, F8 (Flyball, 8RM)
|
Batting: RHB Jim Unknown
|
0-0: Called Strike 0-1: Called Strike 0-2: Ball 1-2: Foul Ball, location: 2F 1-2: Foul Ball, location: 2F 1-2: 2-RUN HOME RUN (Flyball, 7D), Distance : 415 ft
|
Batting: LHB Jim Unknown
|
0-0: Foul Ball, location: 2F 0-1: Called Strike 0-2: Ball 1-2: Ball 2-2: Fly out, F6 (Popup, 6M)
|
Bottom of the 4th over - 4 run(s), 4 hit(s), 0 error(s), 0 left on base; Milton 1 - Viola 4 |
TOP OF THE 5TH |
Milton Bills batting - Pitching for Viola Spearheads : RHP Jim Unknown
|
Batting: SHB Al Anderson
|
0-0: Foul Ball, location: 2F 0-1: Called Strike 0-2: Strikes out looking
|
Batting: RHB Kyle Dempsey
|
0-0: Swinging Strike 0-1: Foul Ball, location: 2F 0-2: SOLO HOME RUN (Flyball, 7D), Distance : 426 ft
|
Batting: RHB Jim Unknown
|
0-0: Called Strike 0-1: Ball 1-1: Ball 2-1: Fly out, F7 (Flyball, 7LM)
|
Batting: RHB Pedro Sánchez
|
0-0: Ball 1-0: Ball 2-0: Foul Ball, location: 2F 2-1: Ball 3-1: Foul Ball, location: 2F 3-2: SINGLE (Line Drive, 7LS)
|
Batting: RHB Chandler Bailey
|
0-0: Foul Ball, location: 2F 0-1: Foul Ball, location: 2F 0-2: Foul Ball, location: 2F 0-2: Ball 1-2: Foul Ball, location: 2F 1-2: Ball 2-2: DOUBLE (Line Drive, 7LS) Pedro Sánchez to third Runner from 3rd tries for Home, throw and OUT!
|
Top of the 5th over - 1 run(s), 3 hit(s), 0 error(s), 1 left on base; Milton 2 - Viola 4 |
BOTTOM OF THE 5TH |
Viola Spearheads batting - Pitching for Milton Bills : RHP Jim Unknown
|
Batting: LHB Jim Unknown
|
0-0: Foul Ball, location: 2F 0-1: Ball 1-1: Foul Ball, location: 2F 1-2: Strikes out swinging
|
Batting: RHB Bobby Schultz
|
0-0: SINGLE (Flyball, 89M)
|
Batting: RHB Jim Unknown
|
0-0: Ball 1-0: DOUBLE (Line Drive, 7LS) Bobby Schultz to third
|
Batting: RHB Pepe Gómez
|
0-0: Ball 1-0: SINGLE (Groundball, 5L) Bobby Schultz scores Jim Unknown to third Runner from 3rd tries for Home, SAFE, throw made home
|
Pitching: LHP Jim Unknown
|
|
Batting: RHB Doug Rowland
|
0-0: Foul Ball, location: 2F 0-1: SINGLE (Flyball, 89S) Pepe Gómez to second
|
Batting: RHB Jim Unknown
|
0-0: Called Strike 0-1: Ball 1-1: Ball 2-1: Swinging Strike 2-2: DOUBLE (Flyball, 9LM) Pepe Gómez scores Doug Rowland to third
|
Batting: LHB Jim Unknown
|
0-0: SINGLE (Groundball, 56D) Doug Rowland scores Jim Unknown to third
|
Batting: RHB Jim Unknown
|
0-0: Ball 1-0: Ball 2-0: Foul Ball, location: 2F 2-1: Swinging Strike 2-2: Fly out, F8 (Flyball, 8RM) Runner from 3rd tags up, SCORES, throw made
|
Batting: LHB Jim Unknown
|
0-0: Foul Ball, location: 2F 0-1: Foul Ball, location: 2F 0-2: Strikes out looking
|
Bottom of the 5th over - 5 run(s), 6 hit(s), 0 error(s), 1 left on base; Milton 2 - Viola 9 |
TOP OF THE 6TH |
Milton Bills batting - Pitching for Viola Spearheads : RHP Jim Unknown
|
Batting: RHB Luis Gómez
|
0-0: Foul Ball, location: 2F 0-1: Called Strike 0-2: Ball 1-2: Fly out, F8 (Flyball, 8RXD)
|
Batting: LHB David Hunt
|
0-0: Ground out 4-3 (Groundball, 34)
|
Batting: RHB Bartolo Liñares
|
0-0: Ball 1-0: Called Strike 1-1: Foul Ball, location: 2F 1-2: Fly out, F4 (Line Drive, 4)
|
Top of the 6th over - 0 run(s), 0 hit(s), 0 error(s), 0 left on base; Milton 2 - Viola 9 |
BOTTOM OF THE 6TH |
Viola Spearheads batting - Pitching for Milton Bills : LHP Jim Unknown
|
Pitching: RHP Jim Unknown
|
|
Batting: LHB Jim Unknown
|
0-0: Ball 1-0: Ball 2-0: Fly out, F7 (Flyball, 7M)
|
Batting: RHB Bobby Schultz
|
0-0: Called Strike 0-1: Swinging Strike 0-2: Ball 1-2: Strikes out swinging
|
Batting: RHB Jim Unknown
|
0-0: Ball 1-0: Called Strike 1-1: Swinging Strike 1-2: SOLO HOME RUN (Flyball, 7D), Distance : 402 ft
|
Batting: RHB Pepe Gómez
|
0-0: Ball 1-0: Foul Ball, location: 2F 1-1: Ball 2-1: Foul Ball, location: 2F 2-2: Ball 3-2: Ground out 6-3 (Groundball, 6)
|
Bottom of the 6th over - 1 run(s), 1 hit(s), 0 error(s), 0 left on base; Milton 2 - Viola 10 |
TOP OF THE 7TH |
Milton Bills batting - Pitching for Viola Spearheads : RHP Jim Unknown
|
Batting: LHB Vincente Bruno
|
0-0: Ground out 4-3 (Groundball, 4S)
|
Batting: SHB Al Anderson
|
0-0: Called Strike 0-1: Ball 1-1: Called Strike 1-2: Ball 2-2: Ball 3-2: Ground out 1-3 (Groundball, 13S)
|
Batting: RHB Kyle Dempsey
|
0-0: Called Strike 0-1: Ball 1-1: Called Strike 1-2: Ball 2-2: Ball 3-2: Base on Balls
|
Pitching: LHP Francisco Mora
|
|
Batting: RHB Jim Unknown
|
0-0: Ball 1-0: Ground out 4-3 (Groundball, 4)
|
Top of the 7th over - 0 run(s), 0 hit(s), 0 error(s), 1 left on base; Milton 2 - Viola 10 |
BOTTOM OF THE 7TH |
Viola Spearheads batting - Pitching for Milton Bills : RHP Jim Unknown
|
Batting: RHB Doug Rowland
|
0-0: Called Strike 0-1: Ground out 5-3 (Groundball, 6)
|
Batting: RHB Jim Unknown
|
0-0: Ball 1-0: Swinging Strike 1-1: Ball 2-1: Ball 3-1: Base on Balls
|
Batting: LHB Jim Unknown
|
0-0: Ball 1-0: Called Strike 1-1: Swinging Strike 1-2: Strikes out swinging
|
Batting: RHB Jim Unknown
|
0-0: Ball 1-0: Called Strike 1-1: DOUBLE (Line Drive, 9LS) Jim Unknown to third Runner from 3rd tries for Home, SAFE, no throw or cutoff
|
Pitching: RHP Jim Unknown
|
|
Batting: LHB Jim Unknown
|
0-0: Called Strike 0-1: Ball 1-1: Called Strike 1-2: Ball 2-2: Strikes out swinging
|
Bottom of the 7th over - 1 run(s), 1 hit(s), 0 error(s), 1 left on base; Milton 2 - Viola 11 |
TOP OF THE 8TH |
Milton Bills batting - Pitching for Viola Spearheads : LHP Francisco Mora
|
Batting: RHB Pedro Sánchez
|
0-0: Called Strike 0-1: Ball 1-1: Foul Ball, location: 2F 1-2: Ground out 1-3 (Groundball, 13S)
|
Batting: RHB Chandler Bailey
|
0-0: Ball 1-0: Ball 2-0: Ground out 1-3 (Groundball, 34S)
|
Batting: RHB Luis Gómez
|
0-0: Foul Ball, location: 2F 0-1: Swinging Strike 0-2: Ball 1-2: Ball 2-2: DOUBLE (Flyball, 8LM)
|
Batting: LHB David Hunt
|
0-0: Ball 1-0: Foul Ball, location: 2F 1-1: Swinging Strike 1-2: Foul Ball, location: 2F 1-2: Foul Ball, location: 2F 1-2: Foul Ball, location: 2F 1-2: Ball 2-2: Strikes out looking
|
Top of the 8th over - 0 run(s), 1 hit(s), 0 error(s), 1 left on base; Milton 2 - Viola 11 |
BOTTOM OF THE 8TH |
Viola Spearheads batting - Pitching for Milton Bills : RHP Jim Unknown
|
Batting: LHB Jim Unknown
|
0-0: Called Strike 0-1: Ball 1-1: Ball 2-1: Ball 3-1: Base on Balls
|
Batting: RHB Bobby Schultz
|
0-0: Ball 1-0: TRIPLE (Flyball, 89M) Jim Unknown scores
|
Batting: RHB Jim Unknown
|
0-0: Ball 1-0: Foul Ball, location: 2F 1-1: Foul Ball, location: 2F 1-2: Ball 2-2: Ball 3-2: Strikes out swinging
|
Batting: RHB Pepe Gómez
|
0-0: Ball 1-0: Foul Ball, location: 2F 1-1: Foul Ball, location: 2F 1-2: Foul Ball, location: 2F 1-2: Foul Ball, location: 2F 1-2: Strikes out swinging
|
Batting: RHB Doug Rowland
|
0-0: Swinging Strike 0-1: Foul Ball, location: 2F 0-2: Ball 1-2: Ball 2-2: Foul Ball, location: 2F 2-2: Strikes out swinging
|
Bottom of the 8th over - 1 run(s), 1 hit(s), 0 error(s), 1 left on base; Milton 2 - Viola 12 |
TOP OF THE 9TH |
Milton Bills batting - Pitching for Viola Spearheads : LHP Francisco Mora
|
Batting: RHB Bartolo Liñares
|
0-0: Called Strike 0-1: SINGLE (Groundball, 6M)
|
Batting: LHB Vincente Bruno
|
0-0: Ball 1-0: Swinging Strike 1-1: Ball 2-1: Foul Ball, location: 2F 2-2: Ball 3-2: Foul Ball, location: 2F 3-2: Base on Balls Bartolo Liñares to second
|
Batting: SHB Al Anderson
|
0-0: Ball 1-0: Called Strike 1-1: Ball 2-1: Ball 3-1: Foul Ball, location: 2F 3-2: Fly out, F9 (Popup, 4D)
|
Batting: RHB Kyle Dempsey
|
0-0: Fly out, F8 (Flyball, 8RM)
|
Batting: RHB Jim Unknown
|
0-0: Fly out, F8 (Flyball, 8LS)
|
Top of the 9th over - 0 run(s), 1 hit(s), 0 error(s), 2 left on base; Milton 2 - Viola 12 |
|